 Dungeon Crawl Stone Soup version 0.28.0-53-g5a82cb258f (webtiles) character file.

Game seed: 14600798900575869454

65 SanguineChosen the Covered (level 4, -3/43 HPs)
             Began as a Gargoyle Fighter on July 22, 2022.
             Slain by an orc warrior
             ... wielding a +0 long sword
              (4 damage)
             ... on level 4 of the Dungeon.
             The game lasted 00:03:48 (2657 turns).

SanguineChosen the Covered (Gargoyle Fighter)       Turns: 2657, Time: 00:03:49

Health: -3/43      AC: 22    Str: 21    XL:     4   Next: 13%
Magic:  4/4        EV:  2    Int:  9    God:
Gold:   143        SH:  5    Dex: 15    Spells: 3/3 levels left

rFire   . . .      SeeInvis .   a - +0 flail
rCold   . . .      Faith    .   c - +0 buckler
rNeg    + . .      Spirit   .   (armour currently unavailable)
rPois   ∞          Reflect  .   (helmet currently unavailable)
rElec   .          Harm     .   (cloak currently unavailable)
rCorr   .          Rampage  .   (gloves currently unavailable)
Will    .....      NoTele   +   (boots currently unavailable)
Stlth   +.........              (no amulet)
HPRegen 0.14/turn               k - +6 ring of dexterity
MPRegen 0.09/turn               (no ring)

@: tree-form
A: stationary, stasis, torment immunity, boosted hp, sickness immunity, AC +3,
negative energy resistance 1, (electricity resistance), torment resistance 1,
petrification resistance
a: no special abilities


You were on level 4 of the Dungeon.
You were a tree.
You visited 1 branch of the dungeon, and saw 4 of its levels.

You collected 143 gold pieces.

Inventory:

Hand Weapons
 a - a +0 flail (weapon)
Missiles
 j - 3 poisoned darts (quivered)
Armour
 b - a +0 scale mail (melded)
 c - a +0 buckler (worn)
 m - a +0 cloak (melded)
Jewellery
 k - a +6 ring of dexterity (left branch)
Wands
 l - a wand of charming (11)
Scrolls
 e - a scroll of blinking {unknown}
 f - a scroll of summoning {unknown}
 g - 3 scrolls of identify {unknown}
 h - a scroll of teleportation {unknown}
 i - a scroll of immolation {unknown}
Potions
 d - 2 potions of might


   Skills:
 + Level 3.8 Fighting
 + Level 2.8 Maces & Flails
 + Level 3.8 Armour
 + Level 0.2 Dodging
 + Level 3.8 Shields


You had 3 spell levels left.
You didn't know any spells.
Your spell library contained the following spells:

 Spells                   Type           Power      Damage    Failure   Level
 Freezing Cloud           Conj/Ice/Air   0%         6-21      100%        5
 Simulacrum               Ice/Necr       0%         N/A       100%        6
 Polar Vortex             Ice            0%         N/A       100%        9


Dungeon Overview and Level Annotations

Branches:
Dungeon (4/15)
 Temple: D:4-7

Altars:


Innate Abilities, Weirdness & Mutations

You are a tree.
Your roots penetrate the ground, keeping you stationary.
You cannot be teleported.
You are immune to unholy pain and torment.
Your maximum health is greatly increased.
Your equipment is partially melded.
You are immune to sickness and miasma.
((Your stone body is resilient. (AC +3)))
You are immune to poison.
You resist negative energy. (rN+)
((You are resistant to electric shocks. (rElec)))
You are resistant to unholy torment.
You are immune to petrification.


Message History

The orc warrior is moderately wounded.
You block the orc warrior's attack. The orc warrior closely misses you.
You barely miss the orc warrior.
The orc warrior is moderately wounded.
You block the orc warrior's attack.
You hit the orc warrior but do no damage.
The orc warrior is moderately wounded.
The orc warrior hits you with a +0 long sword!
* * * LOW HITPOINT WARNING * * *
It was a potion of lignification.
You turn into a tree.
Your +0 cloak melds into your body.
Your +0 scale mail melds into your body.
Your roots penetrate the ground.
You block the orc warrior's attack.
You hit the orc warrior but do no damage.
The orc warrior is moderately wounded.
The orc warrior looks more healthy.
The orc warrior hits you but does no damage.
You hit the orc warrior.
The orc warrior is heavily wounded.
The orc warrior hits you but does no damage. x2
You hit the orc warrior but do no damage.
The orc warrior is heavily wounded.
The orc warrior hits you with a +0 long sword.
* * * LOW HITPOINT WARNING * * *
You closely miss the orc warrior.
The orc warrior is heavily wounded.
The orc warrior hits you but does no damage.
You hit the orc warrior but do no damage.
The orc warrior is heavily wounded.
You block the orc warrior's attack.
The orc warrior hits you with a +0 long sword.
* * * LOW HITPOINT WARNING * * *
You hit the orc warrior.
The orc warrior is severely wounded.
The orc warrior hits you with a +0 long sword.
* * * LOW HITPOINT WARNING * * *
You hit the orc warrior.
The orc warrior is severely wounded.
The orc warrior hits you with a +0 long sword.
You die...

#.# #.# #.# ##.####
#.....
###########.(######.
....goo♣.)..........
###########..#####
#..######.#
#.........#
##.######.# #.#
#############.#
#.............#
#.###.#####.###


You could see an orc warrior, an orc and a goblin.

Vanquished Creatures
  2 adders
  A worm (D:2)
  2 orcs
  5 bats
  6 endoplasms
  A giant cockroach (D:2)
  4 hobgoblins
  2 jackals (D:1)
  2 kobolds
  2 quokkas
  5 ball pythons
  A frilled lizard (D:2)
  3 goblins
  3 rats
39 creatures vanquished.

Notes
Turn   | Place    | Note
-------+----------+-------------------------------------------
     0 | D:1      | SanguineChosen the Gargoyle Fighter began the quest for the
                  | Orb.
     0 | D:1      | Reached XP level 1. HP: 14/14 MP: 1/1
   170 | D:1      | Found a faded altar of an unknown god.
   498 | D:1      | Reached XP level 2. HP: 19/19 MP: 2/2
  1096 | D:2      | Reached XP level 3. HP: 22/24 MP: 3/3
  2523 | D:3      | Reached XP level 4. HP: 29/29 MP: 4/4
  2636 | D:4      | Noticed an orc warrior
  2655 | D:4      | HP: 2/43 [orc warrior/+0 long sword (5)]
  2657 | D:4      | Slain by an orc warrior

Illustrated notes

Levels and vault maps discovered:
D:1:      tarquinn_simple_flora_water_c, layout_loops_corners,
          ebering_ecumenical_altar_abandoned, serial_bayou_lagoon_a
D:2:      layout_loops_corners
D:3:      layout_rooms, st_stairs_6
D:4:      layout_loops_ring, uniq_menkaure

Action                   |  1- 3 |  4- 6 || total
-------------------------+-------+-------++-------
Melee: Flail             |   101 |    25 ||   126
Throw: Dart              |       |     1 ||     1
  Use: Potion            |       |     1 ||     1
Armor: Scale mail        |    58 |     5 ||    63
       Skin              |       |     4 ||     4
Dodge: Dodged            |    45 |     9 ||    54
Block: Buckler           |    29 |     9 ||    38
